 Dungeon Crawl Stone Soup version 0.29.1-4-g47bece8355 (webtiles) character file.

Game seed: 4751477136252280510

66 GigaChad the Covered (level 4, -1/35 HPs)
             Began as a Djinni Fighter on Dec 9, 2022.
             Constricted to death by Sigmund (5 damage)
             ... on level 2 of the Dungeon.
             The game lasted 00:02:14 (1700 turns).

GigaChad the Covered (Djinni Fighter)               Turns: 1700, Time: 00:02:15

Health: -1/35      AC:  6    Str: 23    XL:     4   Next: 37%
Gold:   97         EV:  7    Int:  9    God:
                   SH:  4    Dex: 13

rFire   + + .      SeeInvis .   a - +0 war axe
rCold   x . .      Faith    .   c - +0 buckler
rNeg    . . .      Spirit   .   b - +0 scale mail
rPois   ∞          Reflect  .   (no helmet)
rElec   .          Harm     .   (no cloak)
rCorr   .          Rampage  .   (no gloves)
Will    .....                   (boots unavailable)
Stlth   ..........              (no amulet)
HPRegen 0.11/turn               f - +6 ring of strength
MPRegen 0.00/turn               (no ring)

@: grasped by roots, flying, constricted
A: sickness immunity, fire resistance 2, cold vulnerability 1, float, innate
caster, HP casting, extra vitality 1
a: no special abilities


You were on level 2 of the Dungeon.
You visited 1 branch of the dungeon, and saw 2 of its levels.

You collected 97 gold pieces.

Inventory:

Hand Weapons
 a - a +0 war axe (weapon)
Armour
 b - a +0 scale mail (worn)
 c - a +0 buckler (worn)
Jewellery
 e - a ring of resist corrosion
 f - a +6 ring of strength (left hand)
 g - a ring of positive energy
Scrolls
 j - 2 scrolls of identify {unknown}
 l - a scroll of teleportation {unknown}
 m - a scroll of enchant armour {unknown}
 o - a scroll of summoning {unknown}
Potions
 d - 3 potions of might
 h - a potion of curing {unknown}
 i - a potion of degeneration {unknown}
 k - 2 potions of experience {unknown}
 n - a potion of resistance {unknown}


   Skills:
 + Level 3.2 Fighting
 + Level 2.4 Axes
 + Level 3.5 Armour
 + Level 1.5 Dodging
 + Level 3.2 Shields


You had 2 spell levels left.
You knew the following spells:

 Your Spells              Type           Power      Damage    Failure   Level
a - Summon Small Mammal   Summ           0%         N/A       80%         1
Your spell library was empty.

Dungeon Overview and Level Annotations

Branches:
Dungeon (2/15)

Altars:

Shops:
D:1 :

Annotations:
D:2 Sigmund


Innate Abilities, Weirdness & Mutations

You are immune to sickness and miasma.
You are immune to poison.
Your flesh is very heat resistant. (rF++)
You are vulnerable to cold. (rC-)
You float through the air rather than walking.
You learn spells naturally, not from books.
Your magical power is your life essence.
You have superior vitality. (+4 MHP)


Message History

Sigmund casts a spell at you.
You are confused.
Found a ring mail.
Sigmund casts a spell.
Sigmund flickers and vanishes!
Deactivating autopickup; reactivate with Ctrl-A.
You bump into the rock wall.
The kobold hits you with a +0 short sword.
The kobold hits you with a +0 short sword.
The goblin closely misses you. Something hits you but does no damage.
The kobold hits you but does no damage. The goblin closely misses you.
You hear a zap.
The roots erupt in riotous growth!
The grasping roots grab you!
The kobold is unaffected.
The goblin is unaffected.
You are constricted.
You closely miss the kobold. You closely miss the goblin. Something hits you!
You are constricted.
The goblin completely misses you. The kobold hits you but does no damage.
You hear some strange, mumbled words.
Something tries to affect you, but you resist.
You are constricted.
The goblin barely misses you. The kobold hits you but does no damage.
You escape the roots grasp.
You feel less confused.
You hear a zap.
The roots erupt in riotous growth!
The grasping roots grab you!
The kobold is unaffected.
You are constricted.
The kobold barely misses you. Something hits you!
* * * LOW HITPOINT WARNING * * *
You are constricted.
* * * LOW HITPOINT WARNING * * *
You slash the kobold!
You kill the kobold!
You hit something. You slash the goblin!
You kill the goblin!
Something hits you.
* * * LOW HITPOINT WARNING * * *
You are constricted.
You die...

# #....####
#.............#
###........
..##..........#
.##........ #
#....##.#≈##
...........
###>#####.~≈~#
###........ ##...#
#.≈~## .....###.###
#..### #~~##
#.####.###
####.########~≈#
#.....#
#...)......##~.#
.##.###
#.##.@).....##≈.#
.....#
#.:.....[.##~~#
.....#
.......###...#
#.†..##.. ###.....
...# #..(.....
....... ...~
†#....... ........≈
...
~#........####...#≈
.## .#....#.#
#...#≈# #.......#


There were no monsters in sight!

Vanquished Creatures
  An adder (D:2)
  A worm (D:2)
  4 bats
  An endoplasm (D:1)
  3 giant cockroaches
  5 goblins
  7 hobgoblins
  9 jackals (D:1)
  A quokka (D:2)
  2 ball pythons
  3 frilled lizards
  7 kobolds
  7 rats
51 creatures vanquished.

Notes
Turn   | Place    | Note
-------+----------+-------------------------------------------
     0 | D:1      | GigaChad the Djinni Fighter began the quest for the Orb.
     0 | D:1      | Reached XP level 1. HP: 20/20 MP: 0/0
    82 | D:1      | Reached XP level 2. HP: 25/25 MP: 0/0
    83 | D:1      | Reached skill level 1 in Dodging
   566 | D:1      | Reached XP level 3. HP: 30/30 MP: 0/0
   566 | D:1      | Learned a level 1 spell: Summon Small Mammal
   906 | D:1      | Found Sosael's Vocational Training.
  1408 | D:2      | Reached XP level 4. HP: 35/35 MP: 0/0
  1692 | D:2      | Noticed Sigmund
  1700 | D:2      | Constricted to death by Sigmund

Illustrated notes

Levels and vault maps discovered:
D:1:      dpeg_arrival_prison, layout_loops_ring, nicolae_shop_vocational
D:2:      layout_rooms, serial_rivers, chequers_serial_rivers_small_a,
          chequers_serial_rivers_micro_b, chequers_serial_rivers_room_b,
          chequers_serial_rivers_micro_b, chequers_serial_rivers_micro_b,
          chequers_ecumenical_altar_twisty, lightli_corner_chamber, uniq_sigmund

Skill      XL: |  1  2  3 |
---------------+----------+-----
Dodging        | 1 |  1.5
Axes           | 2 |  2.4
Fighting       | |  3.2
Armour         | |  3.5
Shields        | |  3.2

Action                   |  1- 3 |  4- 6 || total
-------------------------+-------+-------++-------
Melee: War axe           |   112 |    21 ||   133
Armor: Scale mail        |    97 |    14 ||   111
Dodge: Dodged            |   106 |    11 ||   117
Block: Buckler           |    32 |     5 ||    37
